 Dungeon Crawl Stone Soup version 0.21.1-1-g345015f (webtiles) character file.

3287 inc the Jinx (level 9, -4/42 HPs)
             Began as a Felid Enchanter on Feb 20, 2018.
             Was a Priest of Dithmenos.
             Slain by a five-headed hydra (17 damage)
             ... on level 2 of the Lair of Beasts.
             The game lasted 01:07:51 (19086 turns).

inc the Jinx (Felid Enchanter)                     Turns: 19086, Time: 01:07:52

Health: -4/42      AC:  2    Str:  4    XL:     9   Next: 69%
Magic:  6/14       EV: 33    Int: 19    God:    Dithmenos [***...]
Gold:   632        SH:  0    Dex: 18    Spells: 0/14 levels left
                                        Lives:  0   Deaths: 3

rFire    . . .     SeeInvis +     - Unarmed
rCold    . . .     Gourm    .   (shield unavailable)
rNeg     . . .     Faith    .   (armour unavailable)
rPois    .         Spirit   .   (helmet unavailable)
rElec    .         Reflect  .   (cloak unavailable)
rCorr    .         Harm     .   (gloves unavailable)
MR       ++...                  (boots unavailable)
Stlth    ++++......             (no amulet)
HPRegen  0.14/turn              A - ring of Phasing {EV+8}
MPRegen  0.14/turn              D - ring of protection from magic

@: wreathed by umbra, very slow
A: very small, no armour, no weapons or thrown items, stealth, claws 1, fangs 3,
see invisible, carnivore, speed 1, shaggy fur 2, slow metabolism 1, sharp paws
a: Shadow Step, Renounce Religion


You were on level 2 of the Lair of Beasts.
You worshipped Dithmenos.
Dithmenos was most pleased with you.
You were not hungry.

You visited 3 branches of the dungeon, and saw 14 of its levels.
You also visited: Labyrinth and Ossuary.

You collected 832 gold pieces.
You spent 200 gold pieces at shops.

Inventory:

Jewellery
 r - an uncursed ring of protection from magic
 s - an uncursed ring of protection from cold
 A - the ring of Phasing (left paw) {EV+8}
   (You found it in a labyrinth)

   [ring of evasion]

   It affects your evasion (+8).
 D - a ring of protection from magic (right paw)
 I - an uncursed ring of resist corrosion
Wands
 g - a wand of polymorph (9)
 v - a wand of clouds (3)
 y - a wand of scattershot (9)
 F - a wand of digging (7)
 L - a wand of enslavement (22)
Scrolls
 c - 8 scrolls of remove curse
 d - 5 scrolls of identify
 e - 6 scrolls of immolation
 f - 4 scrolls of blinking
 h - a scroll of vulnerability {unknown}
 j - 4 scrolls of amnesia
 k - 4 scrolls of fog
 n - 5 scrolls of teleportation
 p - 3 scrolls of fear
 C - a scroll of brand weapon {unknown}
 E - 2 scrolls of magic mapping {unknown}
 G - a scroll of acquirement {unknown}
Potions
 i - 3 potions of lignification
 l - 2 potions of agility
 m - 9 potions of curing
 q - 3 potions of ambrosia
 t - a potion of resistance
 u - 3 potions of brilliance
 w - 2 potions of haste
 B - a potion of mutation
 K - 2 potions of invisibility {unknown}
Books
 a - a book of Maledictions

   Spells                             Type                      Level
   a - Corona                         Hexes                        1
   b - Ensorcelled Hibernation        Hexes/Ice                    2
   c - Confuse                        Hexes                        3
   d - Tukima's Dance                 Hexes                        3
   e - Dazzling Spray                 Conjuration/Hexes            3
 o - a book of Minor Magic

   Spells                             Type                      Level
   a - Magic Dart                     Conjuration                  1
   b - Blink                          Translocation                2
   c - Call Imp                       Summoning                    2
   d - Slow                           Hexes                        2
   e - Conjure Flame                  Conjuration/Fire             3
   f - Mephitic Cloud                 Conjuration/Poison/Air       3
 x - Luphaqurch's Tome of Harmful Dark Magic
   (You found it in a labyrinth)

   Spells                             Type                      Level
   a - Magic Dart                     Conjuration                  1
   b - Pain                           Necromancy                   1
   c - Throw Frost                    Conjuration/Ice              2
   d - Corpse Rot                     Necromancy                   2
   e - Fulminant Prism                Conjuration/Hexes            4
   f - Dispel Undead                  Necromancy                   5
 z - a book of Misfortune

   Spells                             Type                      Level
   a - Confusing Touch                Hexes                        1
   b - Confuse                        Hexes                        3
   c - Gell's Gravitas                Translocation                3
   d - Petrify                        Transmutation/Earth          4
   e - Metabolic Englaciation         Hexes/Ice                    5
   f - Yara's Violent Unravelling     Hexes/Transmutation          5
 J - the Incunabulum of Dislocated Feathers
   (You found it on level 8 of the Dungeon)

   Spells                             Type                      Level
   a - Swiftness                      Charms/Air                   2
   b - Lesser Beckoning               Translocation                3
   c - Conjure Ball Lightning         Conjuration/Air              6
   d - Tornado                        Air                          9
 M - a book of Callings

   Spells                             Type                      Level
   a - Summon Small Mammal            Summoning                    1
   b - Call Imp                       Summoning                    2
   c - Call Canine Familiar           Summoning                    3
   d - Summon Guardian Golem          Hexes/Summoning              3
   e - Summon Lightning Spire         Summoning/Air                4
   f - Summon Ice Beast               Ice/Summoning                4
Miscellaneous
 H - a crystal ball of energy
Comestibles
 b - 13 rations


   Skills:
 - Level 6.4 Fighting
 - Level 9.0 Dodging
 - Level 11.5 Stealth
 + Level 5.2 Unarmed Combat
 - Level 3.2 Spellcasting
 + Level 3.8 Conjurations
 - Level 11.5 Hexes
 - Level 8.7 Translocations
 - Level 5.4 Ice Magic


You couldn't memorise any spells.
You knew the following spells:

 Your Spells              Type           Power        Failure   Level  Hunger
a - Corona                Hex            #####..      1%          1    None
b - Ensorcelled Hibernat  Hex/Ice        #####.       1%          2    ##.....
c - Confuse               Hex            #####...     1%          3    ###....
d - Gell's Gravitas       Tloc           #####.....   1%          3    ###....
e - Blink                 Tloc           N/A          1%          2    ##.....
f - Fulminant Prism       Conj/Hex       ####......   6%          4    ####...


Dungeon Overview and Level Annotations

Branches:
Dungeon (11/15)            Temple (1/1) D:5            Lair (2/6) D:11
  Swamp: Lair:2-4    Shoals: Lair:2-4     Snake: Lair:2-4    Spider: Lair:2-4
    Orc: D:9-12

Altars:
Ashenzari
Cheibriados
Dithmenos
Elyvilon
Fedhas
Gozag
Hepliaklqana
Kikubaaqudgha
Makhleb
Nemelex Xobeh
Okawaru
Qazlal
Ru
Sif Muna
Trog
Uskayaw
Vehumet
Wu Jian
Xom
Yredelemnul
Zin
The Shining One
Lugonu

Shops:
D:5 }   D:6 [   D:7 :

Annotations:
D:4 Blork the orc
D:6 Autsider's ghost, novice VSFi
D:8 Psyche
Lair:1 Harold
Lair:2 Urug


Innate Abilities, Weirdness & Mutations

You cannot wear armour.
You are incapable of wielding weapons or throwing items.
Your paws allow you to move quietly. (Stealth)
You have sharp claws.
You have razor-sharp teeth.
You have supernaturally acute eyesight. (SInv)
You are carnivorous and can eat meat at any time.
You cover ground quickly.
You are covered in thick fur. (AC +2)
You have a slow metabolism.
Your sharp claws are effective at attacking unaware monsters.


Message History

The five-headed hydra closely misses you.
The five-headed hydra misses you.
The five-headed hydra completely misses you.
The five-headed hydra bites you!
The five-headed hydra completely misses you.
The five-headed hydra completely misses you.
The five-headed hydra misses you.
The five-headed hydra completely misses you.
The five-headed hydra misses you. x2
The five-headed hydra bites you. The five-headed hydra misses you.
The five-headed hydra completely misses you.
The five-headed hydra bites you!
* * * LOW HITPOINT WARNING * * *
The five-headed hydra completely misses you.
There is a stone staircase leading up here.
You enter the shallow water.
Moving in this stuff is going to be slow.
The five-headed hydra completely misses you. x2
The five-headed hydra bites you!
You die...

# #P............≈≈...≈## #.#####
#####...........≈≈≈≈≈≈≈.###.###.#
##........#...≈≈≈≈≈≈≈≈.........##
##....##......≈≈≈≈≈≈≈≈≈≈..##.....
#....###....≈.≈≈≈..≈≈≈≈≈..#.##^..
..... #.#...P≈≈≈≈.<.≈≈≈≈....##...
.#.....##.#.#.≈≈≈.≈≈≈≈≈...#......
##....# #.#.#≈≈≈D≈≈≈≈≈≈..##......
..... #.P.≈..≈@≈≈≈≈≈≈..###....#
..... ....##.≈≈≈≈≈≈≈≈..###.....
...#.#...≈.≈....##P...#.
......#######.###P.#.. .....####
## ###### ....# # # .. #.


You could see a five-headed hydra.

Vanquished Creatures
  Erica (Lair:1)
  An unseen horror (D:10)
  3 ugly things (D:11)
  A gargoyle (D:10)
  Grinder (D:6)
  2 hippogriffs
  11 yaks (D:10)
  Grum (D:8)
  A steam dragon (D:11)
  A hungry ghost (D:7)
  5 water moccasins
  A hell hound (D:11)
  3 porcupines
  2 sky beasts
  2 ice beasts
  5 orc warriors
  2 black bears
  3 ogres (D:8)
  2 centaurs
  A phantom (D:11)
  4 wolves (D:8)
  A crocodile (Lair:1)
  An elf zombie (Ossuary)
  A big kobold (D:11)
  6 bullfrogs
  A water moccasin zombie (D:9)
  3 scorpions
  14 killer bees
  2 howler monkeys
  A bullfrog zombie (D:6)
  2 centaur zombies
  5 crimson imps
  6 hounds
  An orc priest (D:8)
  A human zombie (Ossuary)
  4 orc wizards
  2 centaur skeletons
  4 jellies
  2 bullfrog skeletons
  An iguana (D:10)
  8 worker ants
  A big kobold zombie (Ossuary)
  A hound skeleton (D:8)
  2 mummies (Ossuary)
  A worker ant zombie (D:8)
  13 adders
  2 howler monkey skeletons (D:5)
  3 oozes (D:2)
  3 adder zombies
  2 adder skeletons
  4 dart slugs
  4 worms
  5 leopard geckos
  36 orcs
  6 bats
  6 giant cockroaches
  5 goblins
  11 hobgoblins
  13 jackals
  7 quokkas
  A ball python (D:2)
  2 frilled lizards
  3 goblin zombies (Ossuary)
  9 hobgoblin zombies (Ossuary)
  A jackal skeleton (D:4)
  3 jackal zombies
  17 kobolds
  7 kobold zombies (Ossuary)
  10 orc zombies (Ossuary)
  6 rats
  2 rat zombies (Ossuary)
305 creatures vanquished.

Vanquished Creatures (others)
  A fulminant prism (Lair:1)
1 creature vanquished.

Grand Total: 306 creatures vanquished

Notes
Turn   | Place    | Note
-------+----------+-------------------------------------------
     0 | D:1      | inc the Felid Enchanter began the quest for the Orb.
     0 | D:1      | Reached XP level 1. HP: 7/7 MP: 4/4
   374 | D:1      | Reached XP level 2. HP: 9/11 MP: 4/6
  1501 | D:2      | Reached XP level 3. HP: 14/14 MP: 7/7
  1810 | D:2      | Learned a level 2 spell: Ensorcelled Hibernation
  1818 | D:2      | Learned a level 3 spell: Confuse
  2823 | D:2      | Reached XP level 4. HP: 18/18 MP: 3/8
  3926 | D:2      | Found a shimmering altar of Xom.
  4508 | D:3      | Reached skill level 1 in Ice Magic
  4508 | D:3      | Reached XP level 5. HP: 21/21 MP: 6/9
  4882 | D:3      | Found a white marble altar of Elyvilon.
  5126 | D:3      | Found a basalt altar of Yredelemnul.
  5785 | D:5      | Entered Level 5 of the Dungeon
  5788 | D:5      | Reached skill level 5 in Stealth
  5894 | D:5      | Found a sand-covered staircase.
  5905 | Ossuary  | Entered an ossuary
  6274 | Ossuary  | Gained mutation: You are covered in thick fur. (AC +2) [Felid growth]
  6274 | Ossuary  | Reached XP level 6. HP: 24/24 MP: 10/10
  6355 | Ossuary  | Reached skill level 5 in Hexes
  7446 | D:4      | Noticed Blork the orc
  7452 | D:4      | Found a deep blue altar of Sif Muna.
  7755 | D:4      | Reached XP level 7. HP: 24/27 MP: 5/11
  7847 | D:4      | Found an iron altar of Okawaru.
  7849 | D:4      | Found a shattered altar of Ashenzari.
  8416 | D:5      | Found a staircase to the Ecumenical Temple.
  8435 | D:5      | Found Atwidghu's Gadget Shoppe.
  8677 | Temple   | Entered the Ecumenical Temple
  8740 | Temple   | Became a worshipper of Dithmenos the Shadowed
  8833 | D:5      | Found a burning altar of Makhleb.
  8906 | D:6      | Noticed Grinder
  8923 | D:6      | Killed Grinder
  8923 | D:6      | Reached skill level 10 in Stealth
  8923 | D:6      | Reached XP level 8. HP: 31/31 MP: 3/12
  9056 | D:6      | Found Veaq's Armour Emporium.
  9274 | D:6      | Noticed Autsider's ghost (novice VSFi)
  9345 | D:7      | Found Xudeowis's Book Shop.
  9351 | D:7      | Found an ornate altar of the Wu Jian Council.
  9352 | D:7      | Bought a book of Misfortune for 200 gold pieces
  9356 | D:7      | Learned a level 3 spell: Gell's Gravitas
  9357 | D:7      | Found a glowing golden altar of the Shining One.
  9359 | D:7      | Found a sacrificial altar of Ru.
  9359 | D:7      | Found a hazy altar of Hepliaklqana.
 10303 | D:6      | Reached skill level 5 in Translocations
 10308 | D:6      | Found a sparkling altar of Nemelex Xobeh.
 10744 | D:7      | Noticed a hippogriff
 10765 | D:7      | Reached * piety under Dithmenos
 11297 | D:7      | Killed a hippogriff
 11625 | D:7      | Reached XP level 9. HP: 34/34 MP: 10/13
 12296 | D:8      | Reached skill level 1 in Fighting
 12410 | D:8      | Noticed Grum
 12418 | D:8      | Slain by a wolf
 12419 | D:8      | Reached XP level 8. HP: -4/33 MP: 5/12
 12540 | D:8      | Reached ** piety under Dithmenos
 12659 | D:8      | Killed Grum
 13100 | D:8      | Reached skill level 10 in Hexes
 13100 | D:8      | Reached XP level 9. HP: 15/39 MP: 4/13
 13450 | D:9      | Found an opulent altar of Gozag.
 13461 | D:9      | Reached skill level 5 in Fighting
 13796 | D:9      | Found a stormy altar of Qazlal.
 13992 | D:10     | Entered Level 10 of the Dungeon
 14196 | D:10     | Noticed a gargoyle
 14637 | D:11     | Noticed a green ugly thing
 14651 | D:11     | Killed a green ugly thing
 14651 | D:11     | Reached skill level 5 in Dodging
 14992 | D:11     | Found a labyrinth entrance.
 15000 | Lab      | Entered a labyrinth
 15177 | Lab      | Learned a level 2 spell: Blink
 15371 | Lab      | Noticed a minotaur
 15455 | Lab      | Identified Luphaqurch's Tome of Harmful Dark Magic
 15456 | Lab      | Found the ring of Phasing {EV+8}
 15553 | D:11     | Noticed a green ugly thing
 15591 | D:11     | Reached *** piety under Dithmenos
 15824 | D:10     | Reached XP level 10. HP: 41/46 MP: 14/14
 16218 | D:10     | Killed a gargoyle
 16247 | D:10     | Noticed an unseen horror
 16250 | D:10     | Killed an unseen horror
 16819 | D:8      | Noticed Psyche
 16986 | D:8      | Reached skill level 5 in Ice Magic
 17151 | D:8      | Identified the Incunabulum of Dislocated Feathers
 17524 | D:11     | Slain by a komodo dragon
 17525 | D:11     | Reached XP level 9. HP: -5/42 MP: 7/13
 17564 | D:11     | Noticed a green ugly thing
 17627 | D:11     | Killed a green ugly thing
 17627 | D:11     | Reached XP level 10. HP: 46/46 MP: 14/14
 17730 | D:11     | Reached skill level 5 in Unarmed Combat
 18465 | D:11     | Learned a level 4 spell: Fulminant Prism
 18536 | D:11     | Killed a brown ugly thing
 18536 | D:11     | Reached skill level 1 in Conjurations
 18614 | D:11     | Found a staircase to the Lair.
 18629 | Lair:1   | Entered Level 1 of the Lair of Beasts
 18652 | Lair:1   | Noticed Erica
 18665 | Lair:1   | Killed Erica
 18684 | Lair:1   | Noticed Harold
 19022 | Lair:2   | Noticed Urug
 19032 | Lair:2   | Hit by a javelin of penetration thrown by Urug
 19033 | Lair:2   | Reached XP level 9. HP: -19/42 MP: 13/14
 19033 | Lair:2   | Noticed a five-headed hydra
 19041 | Lair:2   | Noticed a black mamba
 19086 | Lair:2   | Slain by a five-headed hydra

Skill      XL: |  1  2  3  4  5  6  7  8  9 10 |
---------------+-------------------------------+-----
Unarmed Combat | 2 3 4 5 |  5.2
Ice Magic      | 1 2 3 5 |  5.4
Stealth        | 5 6 10 11 | 11.5
Hexes          | 6 10 9 11 | 11.5
Translocations | 8 |  8.7
Fighting       | 4 6 |  6.4
Dodging        | 6 9 |  9.0
Spellcasting   | 3 |  3.2
Conjurations   | 3 |  3.8

Action                   |  1- 3 |  4- 6 |  7- 9 | 10-12 || total
-------------------------+-------+-------+-------+-------++-------
Melee: Unarmed           |   103 |   262 |   243 |   155 ||   763
       Bite              |     8 |    24 |    17 |     7 ||    56
       Punch             |     2 |     3 |     3 |     2 ||    10
 Cast: Corona            |    10 |       |     1 |       ||    11
       Ensorcelled Hiber |    15 |    64 |   111 |    74 ||   264
       Confuse           |       |    26 |    29 |     6 ||    61
       Gell's Gravitas   |       |       |    22 |     8 ||    30
       Blink             |       |       |     1 |     2 ||     3
       Fulminant Prism   |       |       |       |     1 ||     1
Invok: Shadow Step       |       |       |       |     1 ||     1
  Use: Scroll            |       |     7 |    11 |       ||    18
       Potion            |       |       |     6 |     1 ||     7
 Stab: Sleeping          |    18 |    51 |    90 |    48 ||   207
       Confused          |       |    15 |    16 |     4 ||    35
  Eat: Chunk             |     5 |    19 |    32 |     9 ||    65
       Ration            |       |       |       |     1 ||     1
Armor: Skin              |     7 |    10 |     8 |       ||    25
Dodge: Dodged            |    67 |   163 |   209 |   177 ||   616
